 Dungeon Crawl Stone Soup version 0.23.0 (webtiles) character file.

Game seed: 9399941606486573475

485 Paps the Sneak (level 6, -1/47 HPs)
             Began as a Demonspawn Assassin on Feb 17, 2019.
             Killed by nerve-wracking pain
             ... invoked by an orc priest
              (3 damage)
             ... on level 4 of the Dungeon.
             The game lasted 00:07:27 (3196 turns).

Paps the Sneak (Demonspawn Assassin)                Turns: 3196, Time: 00:07:28

Health: -1/47      AC:  7    Str: 10 (11) XL:     6   Next: 88%
Magic:  0/16       EV: 12    Int: 10 (13) God:
Gold:   192        SH:  0    Dex: 13 (16) Spells: 5/6 levels left

rFire    . . .     SeeInvis +   a - +2 dagger
rCold    . . .     Gourm    .   (no shield)
rNeg     + . .     Faith    .   c - +1 robe {rN+}
rPois    .         Spirit   +   h - +1 helmet {SInv}
rElec    .         Reflect  .   d - +0 cloak
rCorr    .         Harm     .   (no gloves)
MR       .....                  (no boots)
Stlth    ++++......             j - amulet of regeneration
HPRegen  0.55/turn              t - ring of magical power
MPRegen  0.15/turn              (no ring)

@: hasted, drained, very quick
A: rugged brown scales 1, nightstalker 1, magic shield
a: no special abilities


You were on level 4 of the Dungeon.
You were hungry.

You visited 1 branch of the dungeon, and saw 4 of its levels.

You collected 192 gold pieces.

Inventory:

Hand Weapons
 a - a +2 dagger (weapon)
 b - a +0 blowgun
Missiles
 e - 46 poisoned needles
 f - 10 curare-tipped needles
Armour
 c - a +1 robe of positive energy (worn)
 d - a +0 cloak (worn)
 h - a +1 helmet of see invisible (worn)
Jewellery
 j - an amulet of regeneration (around neck)
 t - a ring of magical power (left hand)
 u - an uncursed amulet of faith {unknown}
 v - an uncursed ring of poison resistance {unknown}
Wands
 q - a wand of paralysis (11)
Scrolls
 k - a scroll of amnesia {unknown}
 l - 9 scrolls of identify {unknown}
 m - 4 scrolls of enchant weapon {unknown}
 o - 2 scrolls of teleportation {unknown}
 p - a scroll of remove curse {unknown}
 s - 2 scrolls of immolation {unknown}
Comestibles
 g - 9 rations
 i - a chunk of flesh


   Skills:
 + Level 2.9(2.2) Fighting
 + Level 3.5(2.7) Short Blades
 - Level 1.7(1.0) Throwing
 + Level 2.3(1.6) Dodging
 * Level 6.2(5.3) Stealth
 * Level 0.7(0.0) Spellcasting
 * Level 1.0(0.2) Hexes


You had 5 spell levels left.
You knew the following spells:

 Your Spells              Type           Power        Failure   Level  Hunger
a - Confusing Touch       Hex            #.....       34%         1    ##.....

Your spell library contained the following spells:

 Spells                   Type           Power        Failure   Level  Hunger
 Animate Skeleton         Necr           N/A          36%         1    ##.....
 Apportation              Tloc           #.....       36%         1    ##.....
 Summon Small Mammal      Summ           #...         36%         1    ##.....


Dungeon Overview and Level Annotations

Branches:
Dungeon (4/15)
 Temple: D:4-7

Altars:
Cheibriados
Ru


Innate Abilities, Weirdness & Mutations

You are partially covered in rugged brown scales. (AC +1, +3% HP)
You are slightly more attuned to the shadows.
When hurt, damage is shared between your health and your magic reserves.


Message History

The orc priest is moderately wounded.
You barely miss the orc priest.
The orc priest is moderately wounded.
You feel a little less clever now.
The orc priest invokes the aid of Beogh against you.
Pain shoots through your body!
* * * LOW HITPOINT WARNING * * *
The orc closely misses you.
You hit the orc priest but do no damage.
The orc priest is moderately wounded.
The orc priest hits you with a +0 mace.
* * * LOW HITPOINT WARNING * * *
You hit the orc priest.
The orc priest is heavily wounded.
The orc hits you with a +0 club.
You hit the orc priest but do no damage.
The orc priest is heavily wounded.
The orc priest mumbles some strange prayers to Beogh against you.
Pain shoots through your body!
You die...

########...... .##
##.........##.. ...
###...........>.#
###.####....############
.........##### .
.....>......... ..
...#.)######## ... ##oo#
#### ##@# #.# #.. ###.
##


You could see an orc priest and an orc.

Vanquished Creatures
  An ogre (D:4)
  A scorpion (D:4)
  A howler monkey (D:4)
  Jessica (D:2)
  Natasha (thrice) (D:3)
  2 orc wizards (D:4)
  Robin (D:3)
  A gnoll (D:1)
  3 adders
  An adder skeleton (D:4)
  3 worms
  A dart slug (D:2)
  6 leopard geckos
  7 orcs
  5 giant cockroaches
  14 goblins
  5 hobgoblins
  5 jackals
  8 kobolds
  7 bats
  7 frilled lizards
  9 rats
92 creatures vanquished.

Notes
Turn   | Place    | Note
-------+----------+-------------------------------------------
     0 | D:1      | Paps the Demonspawn Assassin began the quest for the Orb.
     0 | D:1      | Reached XP level 1. HP: 16/16 MP: 1/1
   155 | D:1      | Reached skill level 4 in Stealth
   155 | D:1      | Gained mutation: You are partially covered in rugged brown
                  | scales. (AC +1, +3% HP) [demonic ancestry]
   155 | D:1      | Reached XP level 2. HP: 10/22 MP: 2/2
   258 | D:1      | Reached skill level 1 in Dodging
   714 | D:2      | Noticed Jessica
   726 | D:2      | Killed Jessica
   726 | D:2      | Gained mutation: When hurt, damage is shared between your
                  | health and your magic reserves. [demonic ancestry]
   726 | D:2      | Reached XP level 3. HP: 12/27 MP: 3/3
   926 | D:2      | Found a snail-covered altar of Cheibriados.
   988 | D:2      | Gained mutation: You are slightly more attuned to the
                  | shadows. [demonic ancestry]
   988 | D:2      | Reached XP level 4. HP: 33/33 MP: 4/4
  1612 | D:3      | Noticed Robin
  1624 | D:3      | Killed Robin
  1624 | D:3      | Reached skill level 5 in Stealth
  1697 | D:3      | Noticed Natasha
  1726 | D:3      | Killed Natasha
  1726 | D:3      | Reached XP level 5. HP: 17/40 MP: 2/5
  1788 | D:3      | Found a sacrificial altar of Ru.
  2063 | D:3      | Noticed Natasha
  2083 | D:3      | Killed Natasha
  2135 | D:3      | Noticed Natasha
  2157 | D:3      | Killed Natasha
  2599 | D:4      | Noticed an ogre
  2604 | D:4      | Killed an ogre
  2604 | D:4      | Reached XP level 6. HP: 47/47 MP: 6/6
  2619 | D:4      | Learned a level 1 spell: Confusing Touch
  2660 | D:4      | Reached skill level 6 in Stealth
  2668 | D:4      | HP: 2/47 [orc/+0 club (4)]
  2674 | D:4      | HP: 2/47 [poisoned by a scorpion]
  2679 | D:4      | HP: 2/47 [poisoned by a scorpion]
  3167 | D:4      | Reached skill level 1 in Hexes
  3194 | D:4      | HP: 1/47 [orc priest/+0 mace (4)]
  3196 | D:4      | Killed from afar by an orc priest

Skill      XL: |  1  2  3  4  5  6 |
---------------+-------------------+-----
Short Blades   | 2 3 |  3.5
Stealth        | 4 5 6 |  6.2
Dodging        | 1 2 |  2.3
Hexes          | 1 |  1.0
Fighting       | |  2.9
Throwing       | |  1.7
Spellcasting   | |  0.7

Action                   |  1- 3 |  4- 6 || total
-------------------------+-------+-------++-------
Melee: Dagger            |   104 |   325 ||   429
  Use: Potion            |       |     5 ||     5
 Stab: Sleeping          |     8 |    16 ||    24
       Distracted        |       |     1 ||     1
  Eat: Chunk             |       |     7 ||     7
Armor: Robe              |    15 |   135 ||   150
Dodge: Dodged            |    47 |   197 ||   244
